 Dungeon Crawl Stone Soup version 0.25-a0-583-g696c2ac64d (webtiles) character file.

Game seed: 13673555912730997424, levelgen mode: deterministic

721 An17 the Ruffian (level 7, -3/53 HPs)
             Began as a Yellow Draconian Transmuter on Mar 8, 2020.
             Was a Follower of Cheibriados.
             Slain by an orc priest
             ... wielding a +0 mace
              (6 damage)
             ... on level 5 of the Dungeon.
             The game lasted 00:10:35 (4160 turns).

An17 the Ruffian (Yellow Draconian Transmuter)      Turns: 4160, Time: 00:10:35

Health: -3/53      AC:  9    Str: 16    XL:     7   Next: 43%
Magic:  3/12       EV: 13    Int: 16    God:    Cheibriados [*.....]
Gold:   217        SH:  0    Dex: 13    Spells: 3/13 levels left

rFire    . . .     SeeInvis .     - Unarmed
rCold    . . .     Gourm    .   (no shield)
rNeg     . . .     Faith    .   (armour unavailable)
rPois    .         Spirit   .   (helmet restricted)
rElec    .         Reflect  .   c - +1 cloak
rCorr    +         Harm     .   b - +0 pair of gloves
MR       .....                  (no boots)
Stlth    +.........             (no amulet)
HPRegen  0.17/turn              (no ring)
MPRegen  0.13/turn              (no ring)

@: very slightly contaminated, very slow
A: spit acid, unfitting armour, cold-blooded, acid resistance, AC +6
a: Breathe Acid, Bend Time, Renounce Religion


You were on level 5 of the Dungeon.
You worshipped Cheibriados.
Cheibriados was aware of your devotion.
You were very hungry.

You visited 1 branch of the dungeon, and saw 5 of its levels.

You collected 217 gold pieces.

Inventory:

Missiles
 a - 58 arrows
 i - 6 boomerangs of dispersal (quivered)
Armour
 b - a +0 pair of gloves (worn)
 c - a +1 cloak (worn)
Scrolls
 g - 3 scrolls of remove curse
 h - 2 scrolls of identify
 k - a scroll of amnesia
Potions
 d - 2 potions of stabbing
 e - a potion of curing
 f - a potion of flight
 j - a potion of haste
Comestibles
 l - a ration


   Skills:
 + Level 1.9 Fighting
 + Level 3.4 Dodging
 + Level 6.2 Unarmed Combat
 + Level 3.6 Spellcasting
 + Level 3.6 Transmutations
 + Level 0.1 Ice Magic
 + Level 0.6 Poison Magic


You had 3 spell levels left.
You knew the following spells:

 Your Spells              Type           Power        Failure   Level  Hunger
a - Beastly Appendage     Tmut           ##....       3%          1    None
b - Sticks to Snakes      Tmut           ##......     6%          2    ##.....
c - Spider Form           Tmut/Pois      #.........   22%         3    ###....
d - Ice Form              Ice/Tmut       #.......     63%         4    ####...

Your spell library contained the following spells:

 Spells                   Type           Power        Failure   Level  Hunger
 Blade Hands              Tmut           ##........   71%         5    ######.


Dungeon Overview and Level Annotations

Branches:
Dungeon (5/15)             Temple (0/1) D:4

Altars:
Cheibriados
Ru
Trog
Vehumet
Wu Jian


Innate Abilities, Weirdness & Mutations

You can spit globs of acid.
Your golden yellow scales are hard. (AC +6)
You cannot fit into any form of body armour.
You are cold-blooded and may be slowed by cold attacks.
You are resistant to acid. (rCorr)


Message History

You kill the orc wizard!
Cheibriados appreciates the change of pace.
You hit the orc.
The orc is almost dead.
The orc hits you with a +0 hand axe.
* * * LOW HITPOINT WARNING * * *
You bite the orc!
You kill the orc!
Cheibriados appreciates the change of pace.
You bite the orc priest!
The orc priest is poisoned.
The orc priest is severely wounded.
Your transformation has ended.
Your +1 cloak unmelds from your body.
Your +0 pair of gloves unmelds from your body.
The orc priest hits you with a +0 mace.
* * * LOW HITPOINT WARNING * * *
You barely miss the orc priest. You tail-slap the orc priest.
The orc priest is almost dead.
The orc priest hits you with a +0 mace.
You die...

..............#
###....####..# ###
#....[.....# ...
#...######.# ##.#
#....## .. ...
#.....## ###.#.##..
#......# #.)......#
###...######o##.##..#
##.##......@# #
#######.##.####..#
........##.####..#
.######.......#..#
#...##.##.#..(
#.####.# ##.## #. #..
..# # #### ###


You could see an orc priest.

Vanquished Creatures
  Menkaure (D:5)
  An ice beast (D:3)
  2 ogres (D:4)
  A scorpion (D:4)
  A hound (D:4)
  An orc wizard (D:5)
  An orc priest (D:3)
  A worker ant (D:4)
  A mummy (D:4)
  Robin (D:4)
  3 adders
  An adder zombie (D:5)
  5 worms (D:3)
  4 dart slugs
  4 leopard geckos
  9 orcs
  2 ball pythons
  9 bats
  2 giant cockroaches (D:3)
  14 goblins
  10 hobgoblins
  8 jackals (D:1)
  4 kobolds
  A quokka (D:3)
  2 frilled lizards
  A hobgoblin zombie (D:4)
  A kobold zombie (D:4)
  5 rats
96 creatures vanquished.

Notes
Turn   | Place    | Note
-------+----------+-------------------------------------------
     0 | D:1      | An17 the Draconian Transmuter began the quest for the Orb.
     0 | D:1      | Reached XP level 1. HP: 16/16 MP: 3/3
   145 | D:1      | Reached XP level 2. HP: 7/23 MP: 3/5
   156 | D:1      | Learned a level 2 spell: Sticks to Snakes
   748 | D:2      | Found a sacrificial altar of Ru.
   828 | D:2      | Found a radiant altar of Vehumet.
   842 | D:2      | Reached XP level 3. HP: 18/28 MP: 4/6
   847 | D:2      | Learned a level 3 spell: Spider Form
  1288 | D:2      | Found a bloodstained altar of Trog.
  1463 | D:3      | Reached skill level 4 in Unarmed Combat
  1523 | D:3      | Reached XP level 4. HP: 2/35 MP: 5/7
  1909 | D:3      | Noticed an ice beast
  1932 | D:3      | Killed an ice beast
  1932 | D:3      | Reached XP level 5. HP: 22/40 MP: 2/8
  2517 | D:3      | Found a snail-covered altar of Cheibriados.
  2528 | D:3      | Became a worshipper of Cheibriados the Contemplative
  2835 | D:3      | Found an ornate altar of the Wu Jian Council.
  3073 | D:4      | Reached skill level 5 in Unarmed Combat
  3092 | D:4      | Noticed an ogre
  3099 | D:4      | HP: 1/40 [ogre/+0 giant spiked club (24)]
  3108 | D:4      | Killed an ogre
  3108 | D:4      | Reached XP level 6. HP: 3/47 MP: 7/10
  3463 | D:4      | Learned a level 4 spell: Ice Form
  3525 | D:4      | Noticed Robin
  3548 | D:4      | Killed Robin
  3565 | D:4      | Reached * piety under Cheibriados
  3665 | D:4      | Your scales start taking on a golden yellow colour.
  3665 | D:4      | Reached XP level 7. HP: 52/52 MP: 9/11
  3665 | D:4      | Gained mutation: You are resistant to acid. (rCorr) [Yellow
                  | Draconian growth]
  3853 | D:4      | Found a staircase to the Ecumenical Temple.
  4085 | D:5      | Entered Level 5 of the Dungeon
  4096 | D:5      | Got a fine cloak
  4107 | D:5      | Identified the cursed -1 cloak of Recklessness {rPois Int-5
                  | Dex+4} (You found it on level 5 of the Dungeon)
  4137 | D:5      | Noticed Menkaure
  4151 | D:5      | Killed Menkaure
  4151 | D:5      | Reached skill level 6 in Unarmed Combat
  4160 | D:5      | Slain by an orc priest

Levels and vault maps discovered:
D:1:      scummos_arrival_simple_crosswalls, layout_rooms
D:2:      layout_loops_ring, lemuel_crystal_altar, old_standard_altar,
          nicolae_overflow_crystal_walls, first_ration, dk_noncrumbling_4
D:3:      layout_loops_ring, lemuel_round_altar, kennysheep_slug_shrine
D:4:      layout_cave_pools, temple_fountains, nicolae_ossuary_entry_giza,
          uniq_robin
D:5:      layout_loops_cross, marbit_many_paths,
          hangedman_abyss_or_decor_stagger, uniq_menkaure

Skill      XL: |  1  2  3  4  5  6  7 |
---------------+----------------------+-----
Dodging        | 2 3 |  3.4
Unarmed Combat | 4 5 6 |  6.2
Transmutations | 3 |  3.6
Spellcasting   | 3 |  3.6
Fighting       | |  1.9
Ice Magic      | |  0.1
Poison Magic   | |  0.6

Action                   |  1- 3 |  4- 6 |  7- 9 || total
-------------------------+-------+-------+-------++-------
Melee: Unarmed           |   145 |   192 |    46 ||   383
       Headbutt          |     8 |     6 |       ||    14
       Tailslap          |    12 |    18 |     9 ||    39
       Kick              |    10 |    17 |     1 ||    28
       Punch             |     2 |     5 |     1 ||     8
 Cast: Beastly Appendage |    14 |    17 |     2 ||    33
       Sticks to Snakes  |       |     3 |       ||     3
       Spider Form       |       |     2 |     1 ||     3
  Use: Scroll            |     6 |     2 |     2 ||    10
       Potion            |     2 |       |       ||     2
 Stab: Sleeping          |       |     1 |       ||     1
  Eat: Ration            |     1 |     2 |       ||     3
Armor: Skin              |    72 |    39 |     6 ||   117
Dodge: Dodged            |   140 |   125 |    25 ||   290

Table legend:
 A = Non-vault XP
 B = Vault XP
 C = Vault XP percentage of total XP
 D = Non-vault monster count
 E = Vault monster count
 F = Vault count percentage of total count
                 A         B        C        D         E       F
            +---------+---------+-------+---------+---------+-------
      Total |     803 |     228 |  22.1 |      79 |      17 |  17.7
            +---------+---------+-------+---------+---------+-------
        D:1 |      35 |       0 |   0.0 |      17 |       0 |   0.0
        D:2 |      28 |       0 |   0.0 |      17 |       0 |   0.0
        D:3 |     276 |       4 |   1.4 |      30 |       1 |   3.2
        D:4 |     413 |      55 |  11.8 |      12 |      15 |  55.6
        D:5 |      51 |     169 |  76.8 |       3 |       1 |  25.0
            +---------+---------+-------+---------+---------+-------
